 Dungeon Crawl Stone Soup version 0.31-a0-963-ga325b2283a (webtiles) character file.

Game seed: 18123237847294068395

59 LeprechaunX the Changeling (level 4, -1/29 HPs)
             Began as an Octopode Shapeshifter on Oct 25, 2023.
             Slain by an orc priest
             ... wielding a +0 short sword
              (3 damage)
             ... on level 3 of the Dungeon.
             The game lasted 00:01:42 (1397 turns).

LeprechaunX the Changeling (Octopode Shapeshifter)  Turns: 1397, Time: 00:01:43

Health: -1/29      AC:  1    Str: 15    XL:     4   Next: 3%
Magic:  13/13      EV: 13    Int: 12    God:
Gold:   133        SH:  0    Dex: 11    Spells: 3/3 levels left

rFire   . .          .
                       - Unarmed
rCold   . . .        (no shield)
rNeg    . . .        (helmet currently unavailable)
rPois   .            (no amulet)
rElec   .            g - ring of magical power
rCorr   .            j - ring of wizardry
SInv    .            (no ring)
Will    .....        (no ring)
Stlth   ++           (no ring)
HPRegen 0.24/turn    (no ring)
MPRegen 0.13/turn    (no ring)
                     (no ring)

%: wizardry (x1)
@: beast-form
A: beast (slay +2), almost no armour, amphibious, 8 rings, camouflage 1,
gelatinous body 1, (nimble swimmer 1), tentacles
a: Begin Untransformation


You were on level 3 of the Dungeon.
You were a hulking beast.
You visited 1 branch of the dungeon, and saw 3 of its levels.

You collected 133 gold pieces.

Inventory:

Hand Weapons
 a - a +0 sling
Jewellery
 g - a ring of magical power (left tentacle)
 j - a ring of wizardry (right tentacle)
Talismans
 b - a beast talisman
 c - a flux talisman
Scrolls
 e - a scroll of enchant armour {unknown}
 h - 4 scrolls of identify {unknown}
 i - a scroll of immolation
Potions
 d - 3 potions of heal wounds {unknown}
 f - a potion of lignification
 k - a potion of haste {unknown}


   Skills:
 + Level 1.7 Fighting
 + Level 1.0 Ranged Weapons
 - Level 2.2 Dodging
 + Level 3.3 Unarmed Combat
 * Level 3.6 Shapeshifting


You had 3 spell levels left.
You didn't know any spells.
Your spell library was empty.

Dungeon Overview and Level Annotations

Branches:
Dungeon (3/15)

Altars:


Innate Abilities, Weirdness & Mutations

You are a hulking beast.
Your limbs bulge with bestial killing power. (Slay +2)
You cannot wear most types of armour.
You are amphibious.
You can wear up to eight rings at the same time.
Your skin changes colour to match your surroundings (Stealth+).
Your rubbery body absorbs attacks. (AC +1, EV +1)
((You are camouflaged when in or above water. (Stealth+)))
You have tentacles for arms and can constrict up to eight enemies at once.


Message History

The bat hits you but does no damage.
Your Ranged Weapons skill increases to level 1!
You tentacle-slap the orc. Your grab misses the orc. You squeeze the orc.
You kill the orc!
The bat hits you.
An adder comes into view.
An orc priest comes into view. It is wielding a +0 short sword.
The adder moves out of view.
You have reached level 4!
You tentacle-slap the goblin.
You kill the goblin!
The bat hits you but does no damage.
Unknown command.
The bat hits you but does no damage.
You tentacle-slap the quokka. You grab the quokka.
The quokka is heavily wounded.
You constrict the quokka. The bat closely misses you. The quokka bites you.
An orc comes into view. It is wielding a +1 dagger of speed.
The orc priest calls down the wrath of Beogh upon you.
Beogh smites you!
Unknown command.
You bludgeon the quokka!
You kill the quokka!
The bat hits you. The bat barely misses you.
The orc priest invokes the aid of Beogh against you.
Beogh smites you!
* * * LOW HITPOINT WARNING * * *
You closely miss the bat. You grab the bat. Your squeeze misses the bat.
You constrict the bat. The bat completely misses you.
The bat struggles to escape constriction.
The bat escapes!
You barely miss the orc priest. You grab the orc priest.
You constrict the orc priest. The bat hits you but does no damage.
You tentacle-slap the orc priest.
The orc priest is moderately wounded.
You constrict the orc priest, but do no damage.
The bat hits you.
* * * LOW HITPOINT WARNING * * *
The orc priest hits you with a +0 short sword.
You die...

.. ... .##S.
.... ##+#...
.......
.....r.####
......)ob.#
.......h.#
..###.)..#
####.##
#....#
#.##.#
#######.####
#..(....#
###'#+#####
#..........


You could see an orc priest, an adder, a bat and a rat.

Vanquished Creatures
  A worm (D:2)
  A dart slug (D:2)
  2 orcs (D:3)
  3 bats
  6 endoplasms
  4 goblins
  9 hobgoblins
  2 jackals (D:1)
  A quokka (D:3)
  5 ball pythons (D:1)
  3 frilled lizards
  5 kobolds
  4 rats (D:1)
46 creatures vanquished.

Notes
Turn   | Place    | Note
-------+----------+-------------------------------------------
     0 | D:1      | LeprechaunX the Octopode Shapeshifter began the quest for
                  | the Orb.
     0 | D:1      | Reached XP level 1. HP: 13/13 MP: 1/1
    87 | D:1      | Reached XP level 2. HP: 15/18 MP: 2/2
   322 | D:1      | Reached XP level 3. HP: 13/23 MP: 3/3
   875 | D:2      | Found a faded altar of an unknown god.
  1390 | D:3      | Reached skill level 1 in Ranged Weapons
  1391 | D:3      | Reached XP level 4. HP: 28/29 MP: 4/4
  1397 | D:3      | Slain by an orc priest

Illustrated notes

Levels and vault maps discovered:
D:1:      amcnicky_arrival_flooded_fountain, layout_rooms, serial_aquarium,
          aquarium_bridge_long_separate [aquarium_subvault_bridge,
          aquarium_subvault_wall, aquarium_subvault_wall,
          aquarium_subvault_wall, aquarium_subvault_window,
          aquarium_subvault_bridge], aquarium_bridge_straight
          [aquarium_subvault_bridge, aquarium_subvault_window,
          aquarium_subvault_bridge, aquarium_subvault_window],
          aquarium_window_1, aquarium_window_fake, aquarium_view_2d,
          aquarium_view_2e, aquarium_pool_2, chequers_serial_rivers_large_a
D:2:      layout_rooms, hellmonk_ecumenical_altar_blasted
D:3:      cheibrodos_thug_alley, layout_basic, general_overflow_altar,
          elyvilon_altar_5, grunt_dithmenos_smoke

Skill      XL: |  1  2  3 |
---------------+----------+-----
Ranged Weapons | 1 |  1.0
Fighting       | |  1.7
Dodging        | |  2.2
Unarmed Combat | |  3.3
Shapeshifting  | |  3.6

Action                     |  1- 3 |  4- 6 || total
---------------------------+-------+-------++-------
  Melee: Unarmed           |    75 |     6 ||    81
         Tentacles         |    18 |       ||    18
         Constrict         |    16 |     3 ||    19
   Stab: Sleeping          |    18 |       ||    18
 Armour: Skin              |    30 |     7 ||    37
  Dodge: Dodged            |    32 |     3 ||    35

Table legend: (Time is in decaauts)
 A = Elapsed time spent in this place.
 B = Non-inter-level travel time spent in this place.
 C = Inter-level travel time spent in this place.
 D = Time resting spent in this place.
 E = Time spent auto-exploring this place.
 F = Levels seen in this place.
 G = Mean time per level.
                   A        B        C        D        E       F      G
               +--------+--------+--------+--------+--------+-----+--------+
         Total |   1390 |   1337 |     53 |      0 |   1076 |   3 |  463.3 |
       Dungeon |   1390 |   1337 |     53 |      0 |   1076 |   3 |  463.3 |
               +--------+--------+--------+--------+--------+-----+--------+

Top non-repeatable levels by time:
     D:1: 695 daAuts
     D:2: 644 daAuts
     D:3: 50 daAuts
